 Dungeon Crawl Stone Soup version 0.26-a0-660-gc07710193c (webtiles) character file.

Game seed: 10070007930623967091

179 droidtality the Chopper (level 5, -5/45 HPs)
             Began as a Ghoul Fighter on Oct 7, 2020.
             Killed from afar by Sigmund (8 damage)
             ... with a magic dart
             ... on level 2 of the Dungeon.
             The game lasted 00:01:17 (1016 turns).

droidtality the Chopper (Ghoul Fighter)             Turns: 1016, Time: 00:01:18

Health: -5/45      AC:  6    Str: 21    XL:     5   Next: 59%
Magic:  4/4        EV:  7    Int:  3    God:
Gold:   93         SH:  8    Dex:  8    Spells: 4/4 levels left

rFire    . . .     SeeInvis .   a - +0 war axe
rCold    + . .     Faith    .   c - +0 kite shield
rNeg     + + +     Spirit   .   b - +0 scale mail
rPois    ∞         Reflect  .   (no helmet)
rElec    .         Harm     .   (no cloak)
rCorr    .         Rampage  .   (no gloves)
MR       .....                  (no boots)
Stlth    ..........             (no amulet)
HPRegen  0.00/turn              (no ring)
MPRegen  0.09/turn              (no ring)

@: mighty
A: rotting body, claws 1, cold resistance 1, negative energy resistance 3,
inhibited regeneration, torment resistance, unbreathing
a: no special abilities


You were on level 2 of the Dungeon.
You visited 1 branch of the dungeon, and saw 2 of its levels.

You collected 93 gold pieces.

Inventory:

Hand Weapons
 a - a +0 war axe (weapon)
Armour
 b - a +0 scale mail (worn)
 c - a +0 kite shield (worn)
Scrolls
 f - 2 scrolls of teleportation {unknown}
 i - a scroll of magic mapping
 k - a scroll of remove curse {unknown}
 m - a scroll of fog {unknown}
Potions
 e - a potion of lignification {unknown}
 g - a potion of cancellation {unknown}
 h - a potion of berserk rage {unknown}
 j - 3 potions of heal wounds {unknown}
 n - a potion of haste {unknown}


   Skills:
 - Level 3.2 Fighting
 + Level 5.1 Axes
 - Level 2.6 Armour
 - Level 2.6 Shields


You had 4 spell levels left.
You didn't know any spells.
Your spell library was empty.

Dungeon Overview and Level Annotations

Branches:
Dungeon (2/15)

Altars:

Annotations:
D:2 Sigmund


Innate Abilities, Weirdness & Mutations

Your body is rotting away.
You thrive by killing the living.
You are immune to poison.
You have sharp fingernails.
Your flesh is cold resistant. (rC+)
You are immune to negative energy. (rN+++)
You do not regenerate when monsters are visible.
You are immune to unholy pain and torment.
You can survive without breathing.


Message History

You feel very mighty all of a sudden. Sigmund hits you but does no damage.
You slash Sigmund!
Sigmund is moderately wounded.
You block Sigmund's attack.
You slash Sigmund!
Sigmund is severely wounded.
Sigmund gestures at you while chanting. The puff of flame hits you.
* * * LOW HITPOINT WARNING * * *
You closely miss Sigmund.
Sigmund is severely wounded.
Sigmund smiles chillingly.
Sigmund mumbles some strange words.
Sigmund flickers and vanishes!
Deactivating autopickup; reactivate with Ctrl-A.
You hear some strange, mumbled words.
A magic dart appears from out of thin air!
The magic dart hits you!
You die...

######## ******** #......#
**,,,,,,* ###########.####.#
**,,*,**,** #...........# #†#
*,,*,,,*,,* #.###########* #.#
*,*,*,*,*,* .#.###...(.,,* #@#
*,,,,_,,,,*
###....#****,**#{#*****,*,*,*,***
.#.#####****,,,.r.,,,,,,,*,,,**
..## *,,,,<,,*.....,,,,,,,*,**
.## *,*****,#..####*****,,,*** .#
*,* *,#..* *,,,,,,,* .# *,*
*,#..* **,,,,,,,* .#####,*
*,#..******,,,,,,,,** ....<#,*
*,,,,,,,,,*,,,,,,,,,*


You could see a rat.

Vanquished Creatures
  A water moccasin (D:2)
  Natasha (D:2)
  Robin (D:2)
  An adder (D:2)
  An adder zombie (D:2)
  A giant cockroach (D:1)
  4 goblins (D:2)
  6 hobgoblins
  4 jackals
  4 kobolds (D:1)
  3 bats (D:1)
  2 frilled lizards (D:1)
  4 rats
33 creatures vanquished.

Notes
Turn   | Place    | Note
-------+----------+-------------------------------------------
     0 | D:1      | droidtality the Ghoul Fighter began the quest for the Orb.
     0 | D:1      | Reached XP level 1. HP: 19/19 MP: 0/0
    79 | D:1      | Reached skill level 2 in Axes
   141 | D:1      | Reached XP level 2. HP: 26/26 MP: 1/1
   709 | D:2      | Reached skill level 3 in Axes
   714 | D:2      | Reached XP level 3. HP: 31/31 MP: 2/2
   746 | D:2      | Noticed Natasha
   755 | D:2      | Killed Natasha
   761 | D:2      | Noticed Robin
   766 | D:2      | Killed Robin
   766 | D:2      | Reached XP level 4. HP: 37/38 MP: 3/3
   958 | D:2      | Reached skill level 4 in Axes
   980 | D:2      | Noticed a water moccasin
   995 | D:2      | Killed a water moccasin
   995 | D:2      | Reached skill level 5 in Axes
   995 | D:2      | Reached XP level 5. HP: 5/45 MP: 4/4
  1010 | D:2      | Noticed Sigmund
  1016 | D:2      | Killed from afar by Sigmund

Illustrated notes

Levels and vault maps discovered:
D:1:      dpeg_arrival_refuge, layout_loops_cross
D:2:      layout_loops_ring, grunt_dithmenos_smoke_and_mirrors,
          uniq_crazy_yiuf_cottage, uniq_natasha, uniq_robin, uniq_sigmund

Skill      XL: |  1  2  3  4 |
---------------+-------------+-----
Axes           | 2 3 5 |  5.1
Fighting       | |  3.2
Armour         | |  2.6
Shields        | |  2.6

Action                   |  1- 3 |  4- 6 || total
-------------------------+-------+-------++-------
Melee: War axe           |    86 |    50 ||   136
  Use: Scroll            |       |     1 ||     1
       Potion            |       |     1 ||     1
Armor: Scale mail        |    33 |    19 ||    52
Dodge: Dodged            |    27 |    24 ||    51
Block: Kite shield       |    43 |    19 ||    62

Table legend: (Time is in decaauts)
 A = Elapsed time spent in this place.
 B = Non-inter-level travel time spent in this place.
 C = Inter-level travel time spent in this place.
 D = Time resting spent in this place.
 E = Time spent auto-exploring this place.
 F = Levels seen in this place.
 G = Mean time per level.
                   A        B        C        D        E       F      G
               +--------+--------+--------+--------+--------+-----+--------+
         Total |   1072 |   1065 |      7 |     15 |    764 |   2 |  536.0 |
       Dungeon |   1072 |   1065 |      7 |     15 |    764 |   2 |  536.0 |
               +--------+--------+--------+--------+--------+-----+--------+

Top non-repeatable levels by time:
     D:1: 731 daAuts
     D:2: 341 daAuts
